Map: Newkirk Precinct TE (Void)

Players

BuRny - Winner!

  • Race: Terran Terran
  • League: Master
  • Spawn Location: 7:00

A.I. 1 (Very Easy)

  • Race: Zerg Zerg
  • Spawn Location: 5:00

VOD

Have the link to the VOD?

Description

14 supply
15 gas
16 rax
19 orbital, reaper
20 cc
@100% orbital: build scv, then 2nd rax
@100% reaper: reactor
22 depot
2:40 factory
2:50 - 2:55 2nd gas
@100% factory -> starport, reactor on factory
3rd depot
@100gas ~3:40 stim
4:30 ebay, 3rd gas, walloff natural with depots
constant marine + mine production
when affordable: +1 attack, combatshield, 3rd cc, add 1 rax

Time

  • Played on: April 4, 2017, 7:36 a.m.
  • Length: 8:13
Show
View Real Time Build Order
Export as new Build Order

BuRny Terran - Winner!

Build Orders: Reaper Expand, MMM Bio 

Get SALT Encoding   

  12  0:00  SCV  
  13  0:13  SCV  
  14  0:18  Supply Depot  
  14  0:25  SCV  
  15  0:29  Refinery  
  15  0:40  SCV  
  16  0:46  Barracks  
  16  0:52  SCV  
  17  1:04  SCV  
  18  1:16  SCV  
  19  1:33  Reaper, Orbital Command  
  20  1:47  Command Center  
  20  1:58  SCV  
  21  2:02  Barracks  
  21  2:07  Barracks Reactor  
  21  2:10  SCV  
  21  2:15  Supply Depot  
  22  2:22  SCV  
  23  2:36  SCV  
  24  2:41  Factory  
  24  2:44  Marine x2  
  24  2:48  Marine  
  24  2:49  SCV  
  28  2:53  Refinery  
  28  3:01  SCV  
  28  3:02  Marine x2, Orbital Command  
  31  3:06  Marine  
  32  3:14  SCV  
  33  3:20  Marine x2  
  33  3:23  Supply Depot  
  33  3:25  Barracks Tech Lab  
  33  3:26  SCV  
  36  3:28  SCV  
  36  3:33  Starport  
  37  3:35  Factory Reactor  
  37  3:38  SCV  
  37  3:40  SCV  
  37  3:41  Marine  
  39  3:43  Marine  
  39  3:48  Stimpack  
  41  3:50  SCV  
  41  3:52  Marine  
  41  3:54  SCV  
  44  3:58  Supply Depot  
  44  3:59  Marine  
  44  4:01  Marine  
  46  4:03  SCV  
  46  4:06  SCV  
  46  4:09  Marine  
  48  4:15  SCV, Medivac x2  
  54  4:20  SCV  
  54  4:22  Marine, Supply Depot  
  54  4:23  Marine  
  57  4:26  Factory Reactor  
  57  4:28  Marine, SCV  
  59  4:32  SCV  
  59  4:35  Supply Depot  
  60  4:39  Marine  
  60  4:40  SCV  
  60  4:42  Refinery  
  60  4:44  Marine  
  63  4:46  Engineering Bay, Marine  
  63  4:48  SCV  
  65  4:54  Medivac  
  65  4:55  Medivac  
  65  4:57  Marine, SCV  
  71  5:00  SCV  
  71  5:01  Refinery  
  71  5:06  Supply Depot  
  72  5:09  SCV  
  72  5:10  Supply Depot  
  72  5:11  Marine  
  72  5:13  Marine, SCV  
  76  5:15  Terran Infantry Weapons Level 1  
  76  5:20  Marine  
  76  5:21  SCV  
  78  5:28  Factory Reactor, SCV  
  79  5:29  Marine, Supply Depot  
  79  5:31  Marine  
  79  5:34  Barracks  
  81  5:38  Marine  
  82  5:43  SCV x2  
  82  5:46  Marine  
  82  5:48  Marine, Combat Shields  
  86  5:50  Supply Depot  
  86  5:56  Marine  
  87  5:58  SCV  
  87  5:59  SCV  
  87  6:03  Supply Depot  
  89  6:04  Marine  
  89  6:06  Marine  
  89  6:11  SCV x2  
  93  6:14  Marine  
  93  6:17  Command Center  
  94  6:21  Marine  
  94  6:22  Marine  
  94  6:23  SCV x2  
  94  6:24  Marine  
  94  6:25  Marine  
  99  6:30  Widow Mine  
  99  6:31  Widow Mine, Marine, Supply Depot  
  105  6:34  Medivac  
  105  6:38  Medivac  
  105  6:39  SCV  
  110  6:42  SCV  
  111  6:48  Engineering Bay  
  111  6:51  Armory, SCV  
  112  6:54  SCV  
  112  6:59  Barracks  
  112  7:00  Barracks  
  113  7:02  Marine x2  
  113  7:03  SCV  
  113  7:05  Marine  
  113  7:06  Marine x2  
  119  7:11  Medivac  
  119  7:12  SCV  
  122  7:20  Marine  
  123  7:23  Supply Depot x2  
  123  7:24  Marine, Supply Depot  
  123  7:25  Marine  
  123  7:26  Unknown, Marine  
  123  7:29  Widow Mine  
  128  7:36  Marine  
  129  7:37  Widow Mine  
  129  7:38  Marine, Medivac  
  129  7:39  SCV  
  129  7:40  SCV  
  129  7:42  Marine  
  129  7:43  Orbital Command  
  137  7:49  Refinery  
  138  7:51  SCV  
  138  7:54  Marine x2  
  138  7:55  Barracks Reactor  
  138  7:56  Barracks Reactor  
Show
View Real Time Build Order
Export as new Build Order

A.I. 1 (Very Easy) Zerg 

Build Orders: Pool First 

Get SALT Encoding   

  12  0:01  Drone  
  13  0:13  Overlord  
  13  0:18  Drone  
  14  0:36  Spawning Pool  
  14  0:38  Drone  
  14  0:41  Extractor  
  13  0:46  Drone  
  14  0:53  Overlord  
  14  1:23  Queen  
  14  1:24  Zergling x2  
  17  1:31  Roach Warren  
  16  1:34  Drone  
  16  1:37  Extractor  
  16  1:42  Drone, Zergling x2  
  18  1:56  Drone  
  18  2:01  Zergling x2  
  20  2:06  Drone  
  21  2:17  Drone  
  22  2:28  Drone  
  23  2:30  Overlord  
  23  2:35  Drone  
  24  2:42  Drone  
  25  5:47  Lair, Drone  
  26  5:54  Drone, Zergling x2  
  25  6:00  Hatchery  
  25  6:02  Drone  
  25  6:09  Drone  
  25  6:10  Overlord  
  26  6:16  Drone  
  27  6:19  Zergling x2  
  27  6:23  Drone  
  29  6:30  Drone  
  30  6:44  Zergling x2  
  31  6:48  Overseer x2  
  31  7:10  Spire  
  31  7:13  Drone  
  31  7:15  Zergling x2  
  30  7:19  Overlord  
  30  7:20  Drone  
  25  7:27  Drone  
  18  7:34  Drone  
  10  7:37  Overlord  
  10  7:40  Zergling x2  
  10  7:42  Drone  
  5  7:49  Drone  
  3  7:56  Drone  
Tags
 
Add a new tag
Caveats
  • Supply blocks, unpowered buildings, or Contaminate may cause inaccurate times.
  • Supply counts are checked every 10 seconds.